 Dungeon Crawl Stone Soup version 0.21.1-1-g345015f (webtiles) character file.

109 Fang the Skirmisher (level 4, -2/29 HPs)
             Began as a Gargoyle Berserker on June 7, 2018.
             Was a Believer of Trog.
             Killed from afar by Natasha (3 damage)
             ... with a magic dart
             ... on level 1 of the Dungeon.
             The game lasted 00:03:23 (1675 turns).

Fang the Skirmisher (Gargoyle Berserker)            Turns: 1675, Time: 00:03:24

Health: -2/29      AC:  5    Str: 21    XL:     4   Next: 90%
Magic:  4/4        EV: 18    Int:  8    God:    Trog [**....]
Gold:   97         SH:  0    Dex: 14    Spells: 3/3 levels left

rFire    . . .     SeeInvis .   a - +0 hand axe
rCold    . . .     Gourm    .   (no shield)
rNeg     + . .     Faith    .   b - +0 animal skin
rPois    ∞         Spirit   .   (no helmet)
rElec    +         Reflect  .   (no cloak)
rCorr    .         Harm     .   (no gloves)
MR       .....                  (no boots)
Stlth    +++.......             k - amulet of rage
HPRegen  0.09/turn              (no ring)
MPRegen  0.09/turn              (no ring)

@: agile, berserk cooldown, slowed, very slow
A: negative energy resistance 1, electricity resistance, unbreathing,
petrification resistance, rot immunity, AC +3
a: Berserk, Trog's Hand, Burn Spellbooks, Renounce Religion, Evoke Berserk Rage


You were on level 1 of the Dungeon.
You worshipped Trog.
Trog was pleased with you.
You were not hungry.

You visited 1 branch of the dungeon, and saw 2 of its levels.

You collected 97 gold pieces.

Inventory:

Hand Weapons
 a - a +0 hand axe (weapon)
Armour
 b - a +0 animal skin (worn)
Jewellery
 k - an amulet of rage (around neck)
Scrolls
 e - a scroll of amnesia {unknown}
 l - a scroll of identify {unknown}
Potions
 f - 2 potions of curing {unknown}
 g - a potion of haste {unknown}
 i - a potion of mutation {unknown}
 j - 2 potions of resistance {unknown}
Comestibles
 c - 4 rations


   Skills:
 + Level 4.0 Fighting
 + Level 3.8 Axes
 + Level 2.2 Armour
 + Level 2.4 Dodging
 + Level 1.1 Stealth


You had 3 spell levels left.
You didn't know any spells.

Dungeon Overview and Level Annotations

Branches:
Dungeon (2/15)

Altars:
Ru

Annotations:
D:1 Natasha


Innate Abilities, Weirdness & Mutations

You are resistant to torment.
Your stone body is resilient. (AC +3)
You are immune to poison.
You resist negative energy. (rN+)
You are resistant to electric shocks. (rElec)
You can survive without breathing.
You are immune to petrification.
You are immune to rotting.


Message History

* * * LOW HITPOINT WARNING * * *
Natasha mumbles some strange words.
You slash Natasha!
Natasha is heavily wounded.
You barely miss the shadow imp. Natasha closely misses you.
The shadow imp hits you but does no damage.
You hit Natasha.
Natasha is severely wounded.
You hit the shadow imp. Natasha claws you.
* * * LOW HITPOINT WARNING * * *
The shadow imp closely misses you.
Natasha growls.
Natasha misses you. The shadow imp misses you.
It was a potion of agility.
You feel agile all of a sudden. Natasha closely misses you.
The shadow imp hits you but does no damage.
Natasha casts a spell at you. The magic dart hits you!
You die...

#.######### ##..##.....)
..##......# ###.#......
...#......# #.#......
...#......#### #........
...#.........## #####......
...#......##..#### #...#......
##.#......##.....## #...######.
##.#......##.#.#h.# #...+.# #.
...#......##....@.#####...#.# ##
####......##.#.#.5....+...+.##
#........##......#####...#..#
##.#......##.#............#..####
..........##...#................#
.#.#.#.#...###.#........#######.#
.....÷...#.###.##.#####.# #.....#
.#.#.#.#.#.#......# #.###.##..#
.....)...#.#.#.#### #.....##..#


You could see Natasha and a shadow imp.

Vanquished Creatures
  Natasha (D:2)
  An adder (D:2)
  3 oozes
  A worm (D:2)
  3 dart slugs (D:1)
  A leopard gecko (D:1)
  4 giant cockroaches (D:1)
  8 goblins
  7 hobgoblins
  4 jackals (D:1)
  5 kobolds
  A quokka (D:2)
  4 bats
  A frilled lizard (D:1)
  5 rats
49 creatures vanquished.

Notes
Turn   | Place    | Note
-------+----------+-------------------------------------------
     0 | D:1      | Fang the Gargoyle Berserker began the quest for the Orb.
     0 | D:1      | Reached XP level 1. HP: 14/14 MP: 1/1
   117 | D:1      | Reached XP level 2. HP: 14/19 MP: 2/2
   533 | D:1      | Reached XP level 3. HP: 19/23 MP: 3/3
   726 | D:1      | Reached ** piety under Trog
  1284 | D:2      | Reached XP level 4. HP: 14/29 MP: 4/4
  1580 | D:2      | Found a sacrificial altar of Ru.
  1638 | D:2      | Noticed Natasha
  1650 | D:2      | Killed Natasha
  1650 | D:2      | Reached skill level 4 in Fighting
  1650 | D:2      | Reached skill level 1 in Stealth
  1658 | D:2      | Noticed Natasha
  1674 | D:1      | HP: 1/29 [Natasha (6)]
  1675 | D:1      | Killed from afar by Natasha

Skill      XL: |  1  2  3  4 |
---------------+-------------+-----
Dodging        | 2 |  2.4
Axes           | 3 |  3.8
Fighting       | 4 |  4.0
Stealth        | 1 |  1.1
Armour         | |  2.2

Action                   |  1- 3 |  4- 6 || total
-------------------------+-------+-------++-------
Melee: Hand axe          |    95 |    46 ||   141
Invok: Berserk           |       |     1 ||     1
  Use: Potion            |       |     1 ||     1
 Stab: Sleeping          |     2 |       ||     2
  Eat: Chunk             |     1 |     2 ||     3
Armor: Animal skin       |    31 |    20 ||    51
Dodge: Dodged            |    77 |    37 ||   114
